 Dungeon Crawl Stone Soup version 0.27-a0-887-gcab673c142 (webtiles) character file.

Game seed: 9356615161898323690

42 Froggeryz the Caller (level 3, -1/30 HPs)
             Began as a Minotaur Summoner on Apr 4, 2021.
             Hit by a goblin thrown by Robin (2 damage)
             ... on level 2 of the Dungeon.
             The game lasted 00:01:35 (1808 turns).

Froggeryz the Caller (Minotaur Summoner)            Turns: 1808, Time: 00:01:36

Health: -1/30      AC:  8    Str: 13    XL:     3   Next: 35%
Magic:  4/4        EV:  6    Int: 12    God:
Gold:   36         SH:  0    Dex: 10    Spells: 3/4 levels left

rFire    . . .     SeeInvis .   f - +0 long sword
rCold    . . .     Faith    .   (no shield)
rNeg     . . .     Spirit   .   b - +0 chain mail
rPois    .         Reflect  .   (helmet restricted)
rElec    .         Harm     .   (no cloak)
rCorr    .         Rampage  .   (no gloves)
Will     .....                  (no boots)
Stlth    ..........             (no amulet)
HPRegen  0.10/turn              (no ring)
MPRegen  0.09/turn              (no ring)

@: no status effects
A: horns 2, retaliatory headbutt
a: no special abilities


You were on level 2 of the Dungeon.
You visited 1 branch of the dungeon, and saw 2 of its levels.

You collected 36 gold pieces.

Inventory:

Hand Weapons
 f - a +0 long sword (weapon)
Armour
 b - a +0 chain mail (worn)
Scrolls
 a - a scroll of fear {unknown}
 d - 3 scrolls of summoning {unknown}
Potions
 c - a potion of heal wounds {unknown}
 e - a potion of curing {unknown}


   Skills:
 + Level 2.4 Fighting
 * Level 0.4 Long Blades
 + Level 2.4 Armour
 - Level 2.1 Dodging
 - Level 1.5 Stealth
 - Level 1.3 Spellcasting
 - Level 2.9 Summonings


You had 3 spell levels left.
You knew the following spells:

 Your Spells              Type           Power      Damage    Failure   Level
a - Summon Small Mammal   Summ           28%        N/A       95%         1

Your spell library contained the following spells:

 Spells                   Type           Power      Damage    Failure   Level
 Call Imp                 Summ           7%         N/A       99%         2
 Call Canine Familiar     Summ           7%         N/A       100%        3
 Summon Guardian Golem    Hex/Summ       4%         N/A       100%        3
 Summon Ice Beast         Ice/Summ       4%         N/A       100%        4
 Summon Lightning Spire   Summ/Air       4%         N/A       100%        4


Dungeon Overview and Level Annotations

Branches:
Dungeon (2/15)

Altars:

Shops:
D:1 !

Annotations:
D:2 Robin


Innate Abilities, Weirdness & Mutations

You have a pair of horns on your head.
You reflexively headbutt those who attack you in melee.


Message History

A hobgoblin comes into view.
The goblin hits you but does no damage. Robin throws the goblin at you!
The goblin barely misses you.
You riposte.
You hit the goblin.
You kill the goblin!
The goblin hits you but does no damage. x2
You see here a +0 short sword.
You closely miss the goblin.
Robin roars a battlecry!
The goblins go into a battle-frenzy!
The goblin hits you but does no damage. x3
A goblin comes into view. It is wielding a +0 club.
You hear a shout!
You barely miss the goblin.
You hear a shout!
The goblin hits you with a +0 dagger. Robin hits you but does no damage.
The goblin hits you but does no damage.
You hear a shout!
You closely miss the goblin. The goblin barely misses you.
You riposte.
Your chain mail prevents you from hitting the goblin.
Robin hits you but does no damage. The goblin hits you but does no damage.
The goblin closely misses you.
You riposte.
You closely miss the goblin.
The goblin hits you with a +2 dagger of freezing.
The goblin freezes you. Robin hits you but does no damage.
You closely miss the goblin. You headbutt the goblin.
You kill the goblin!
The goblin hits you but does no damage. The goblin closely misses you.
Robin hits you from afar with a +0 trident!
* * * LOW HITPOINT WARNING * * *
The goblin hits you but does no damage.
Unknown command.
Robin throws the goblin at you! The goblin hits you but does no damage.
Things that are here:
a +2 dagger of freezing; a goblin corpse You hit the goblin.
You kill the goblin!
The goblin hits you with a +0 dagger.
* * * LOW HITPOINT WARNING * * *
Robin throws the goblin at you!
You die...

#............###.#
#.#####.###### #.#
#.# #.#
####.######...# #
#.....(....(..#
#.##.##.######....
#.......# #...
####g#### ##@##


#ggg# #.g.# #.g.# ##.## .g. ... ..... ..... You could see Robin and 6 goblins.

Vanquished Creatures
  4 endoplasms
  A giant cockroach (D:1)
  9 goblins
  3 hobgoblins
  4 jackals (D:2)
  2 quokkas (D:1)
  2 ball pythons
  2 bats
  4 frilled lizards
  2 kobolds
  7 rats
40 creatures vanquished.

Notes
Turn   | Place    | Note
-------+----------+-------------------------------------------
     0 | D:1      | Froggeryz the Minotaur Summoner began the quest for the
                  | Orb.
     0 | D:1      | Reached XP level 1. HP: 14/14 MP: 1/1
    48 | D:1      | Found Ykikawit's Distillery.
   342 | D:1      | Reached skill level 1 in Fighting
   342 | D:1      | Reached skill level 1 in Armour
   449 | D:1      | Reached XP level 2. HP: 21/23 MP: 3/3
  1259 | D:2      | Reached XP level 3. HP: 15/29 MP: 4/4
  1797 | D:2      | Noticed Robin
  1808 | D:2      | HP: 1/30 [goblin/+0 dagger[Robin] (5)]
  1808 | D:2      | Hit by a goblin thrown by Robin

Illustrated notes

Levels and vault maps discovered:
D:1:      eino_arrival_druids_welcome, layout_basic, serial_shops,
          shop_fountains, chequers_serial_rivers_micro_a
D:2:      layout_loops_corners, uniq_robin

Skill      XL: |  1  2 |
---------------+-------+-----
Fighting       | 1 2 |  2.4
Armour         | 1 2 |  2.4
Long Blades    | |  0.4
Dodging        | |  2.1
Stealth        | |  1.5
Spellcasting   | |  1.3
Summonings     | |  2.9

Action                   || total
-------------------------++-------
Melee: Unarmed           ||   109
       Headbutt          ||    18
       Long sword        ||    13
Armor: Chain mail        ||    96
Dodge: Dodged            ||    46
       Rpst.: Long sword ||     4

Table legend: (Time is in decaauts)
 A = Elapsed time spent in this place.
 B = Non-inter-level travel time spent in this place.
 C = Inter-level travel time spent in this place.
 D = Time resting spent in this place.
 E = Time spent auto-exploring this place.
 F = Levels seen in this place.
 G = Mean time per level.
                   A        B        C        D        E       F      G
               +--------+--------+--------+--------+--------+-----+--------+
         Total |   1812 |   1742 |     70 |    148 |   1365 |   2 |  906.0 |
       Dungeon |   1812 |   1742 |     70 |    148 |   1365 |   2 |  906.0 |
               +--------+--------+--------+--------+--------+-----+--------+

Top non-repeatable levels by time:
     D:1: 1085 daAuts
     D:2: 727 daAuts
